 Dungeon Crawl Stone Soup version 0.30-b1-2-g02819fbbbe (webtiles) character file.

Game seed: 12119959607068418022

37 sanka the Chopper (level 3, -8/31 HPs)
             Began as a Hill Orc Gladiator on May 19, 2023.
             Mangled by Sigmund
             ... wielding a +0 scythe
              (10 damage)
             ... on level 2 of the Dungeon.
             The game lasted 00:01:30 (959 turns).

sanka the Chopper (Hill Orc Gladiator)               Turns: 959, Time: 00:01:31

Health: -8/31      AC:  6    Str: 18    XL:     3   Next: 41%
Magic:  3/3        EV: 11    Int:  8    God:
Gold:   68         SH:  0    Dex: 12    Spells: 2/2 levels left

rFire   . . .        a - +0 war axe
rCold   . . .        (no shield)
rNeg    . . .        m - +0 ring mail
rPois   .            c - +0 helmet
rElec   .            (no cloak)
rCorr   .            (no gloves)
SInv    .            (no boots)
Will    .....        (no amulet)
Stlth   +            (no ring)
HPRegen 0.25/turn    (no ring)
MPRegen 0.08/turn

%: no passive effects
@: mighty, attractive
A: no striking features
a: no special abilities


You were on level 2 of the Dungeon.
You visited 1 branch of the dungeon, and saw 2 of its levels.

You collected 68 gold pieces.

Inventory:

Hand Weapons
 a - a +0 war axe (weapon)
Missiles
 d - 3 throwing nets (quivered) {=f}
 e - 7 javelins
Armour
 c - a +0 helmet (worn)
 m - a +0 ring mail (worn)
Jewellery
 f - a ring of resist corrosion
Scrolls
 h - 2 scrolls of identify {unknown}
 j - a scroll of vulnerability {unknown}
 k - a scroll of enchant armour {unknown}
 n - a scroll of fear {unknown}
 o - a scroll of poison {unknown}
Potions
 i - a potion of curing {unknown}
 l - a potion of invisibility {unknown}


   Skills:
 + Level 3.2 Fighting
 * Level 5.3 Axes
 - Level 1.7 Throwing
 - Level 2.4 Dodging


You had 2 spell levels left.
You didn't know any spells.
Your spell library contained the following spells:

 Spells                   Type           Power      Damage    Failure   Level
 Hailstorm                Conj/Ice       0%         3d3       93%         3
 Ice Form                 Ice/Tmut       0%         N/A       100%        4
 Simulacrum               Ice/Necr       0%         N/A       100%        6


Dungeon Overview and Level Annotations

Branches:
Dungeon (2/15)

Altars:

Annotations:
D:2 Sigmund


Message History

You slash the rat!
You kill the rat!
No target in view!
n - a scroll labelled YZO FUTUDIUC;
o - a scroll labelled BUMUTU LECSUDIUT
Found 3 curare-tipped darts.
Found a buckler.
There is a stone staircase leading down here.
Found a helmet.
You now have 59 gold pieces (gained 9).
You now have 68 gold pieces (gained 9).
Sigmund the Dreaded comes into view.
He is wielding a +0 scythe.
Sigmund shouts!
Sigmund casts a spell.
Sigmund flickers and vanishes!
Deactivating autopickup; reactivate with Ctrl-A.
There is a strange disturbance nearby!
No target in view!
No target in view!
Something hits you.
You slash something! Something hits you.
You barely miss something. Something hits you.
You barely miss something. Something hits you but does no damage.
You miss something. Something hits you but does no damage.
You completely miss something. You barely miss something.
Something hits you but does no damage.
You closely miss something. Something hits you!
* * * LOW HITPOINT WARNING * * *
You miss something. Something hits you but does no damage.
You hit something. Something hits you.
* * * LOW HITPOINT WARNING * * *
You miss something. Something hits you.
* * * LOW HITPOINT WARNING * * *
It was a potion of attraction.
You feel attractive to monsters.
It was a potion of might.
You feel very mighty all of a sudden.
You hear some strange, mumbled words.
Something tries to affect you, but you resist.
You hit something. Something hits you!
You die...

##............##..###
##..............>..##
.#####............##
................###
#.................
#.....(........###
#.......[......###
####.........##.##...
#..{@........#...####
#.####......[##.##
##########.#####
#...#..# ##.##..#
##.##..# #...#..#
##.##.## #....#


There were no monsters in sight!

Vanquished Creatures
  A worm (D:2)
  A ball python (D:1)
  4 endoplasms
  A giant cockroach (D:1)
  4 goblins (D:1)
  3 hobgoblins (D:1)
  6 kobolds
  9 frilled lizards (D:1)
  5 rats
34 creatures vanquished.

Notes
Turn   | Place    | Note
-------+----------+-------------------------------------------
     0 | D:1      | sanka the Hill Orc Gladiator began the quest for the Orb.
     0 | D:1      | Reached XP level 1. HP: 18/18 MP: 1/1
    96 | D:1      | Reached XP level 2. HP: 25/25 MP: 2/2
   373 | D:1      | Reached skill level 5 in Axes
   401 | D:1      | Reached XP level 3. HP: 31/31 MP: 3/3
   942 | D:2      | Noticed Sigmund
   956 | D:2      | HP: 1/31 [something (4)]
   959 | D:2      | Mangled by Sigmund

Illustrated notes

Levels and vault maps discovered:
D:1:      dpeg_arrival_morbid_curiosity, layout_rooms, minmay_lizard_pond
D:2:      layout_rooms, chequers_ecumenical_altar_simple,
          chequers_serial_rivers_large_a, amcnicky_mini_corridor_feature,
          uniq_sigmund

Skill      XL: |  1  2 |
---------------+-------+-----
Fighting       | 3 |  3.2
Axes           | 5 |  5.3
Throwing       | |  1.7
Dodging        | |  2.4

Action                     || total
---------------------------++-------
  Melee: War axe           ||    70
    Use: Potion            ||     2
 Armour: Leather armour    ||     9
         Ring mail         ||     6
  Dodge: Dodged            ||    50
